Unix NetHack Version 3.7.0-89 Work-in-progress - last build Sep 24 2023 19:26:52 (48e034876007844a536bf88644040a71d2893410,branch:master). Game began 2023-09-29 14:43:13, ended 2023-09-30 08:39:53. torpedojuice, neutral male human Healer ---- --- ----).-- |.------- ---.|<..)-----.@aaa..| |..).).....--..aa-- | |.......|....%...| |.....-----.[u...| -.....| .)-.@..| |......| .--|.--- ---...-- .| ....| -. |.---- .- |. . | .. ..- --.| |.| |.| |.| --- Torpedojuice the Embalmer St:11 Dx:9 Co:16 In:14 Wi:15 Ch:16 Neutral Dlvl:7 $:77 HP:0(49) Pw:40(50) AC:1 Xp:6 T:4302 Latest messages: There are many objects here. p - a crossbow. q - a hard hat. s - a hard hat. u - a hooded cloak. There are many objects here. v - a burnt hooded cloak. The killer bee stings! The killer bee stings! You miss the killer bee. The killer bee misses! You miss the killer bee. The killer bee stings! You hit the killer bee. The killer bee just misses! You hit the killer bee. The killer bee misses! The killer bee misses! You kill the killer bee! You see here a killer bee corpse. w - a hooded cloak. You see here a killer bee corpse. There is a grave here. Something is engraved here on the headstone. You read: "laycre, killed by a dwarvish spear". There are many objects here. The soldier ant bites! The soldier ant stings! The killer bee stings! The killer bee stings! The soldier ant bites! The soldier ant stings! In what direction? You feel better. The killer bee misses! The soldier ant misses! The soldier ant misses! The soldier ant bites! The soldier ant stings! In what direction? You feel better. The killer bee misses! The soldier ant bites! The soldier ant misses! The soldier ant bites! The soldier ant stings! The soldier ant bites! The soldier ant stings! You die... Do you want your possessions identified? [ynq] (y) Inventory: Coins $ - 77 gold pieces Weapons a - an uncursed greased +0 scalpel (weapon in hand) n - an uncursed +0 crossbow p - an uncursed +0 crossbow Armor q - a blessed +1 dwarvish iron helm s - an uncursed +0 dwarvish iron helm u - an uncursed +0 dwarvish cloak v - an uncursed burnt +4 dwarvish cloak w - an uncursed +0 dwarvish cloak C - an uncursed +0 dwarvish cloak (being worn) D - an uncursed +3 pair of iron shoes (being worn) E - an uncursed +1 pair of leather gloves (being worn) F - a blessed +0 dwarvish iron helm (being worn) Rings r - an uncursed ring of stealth (on right hand) J - an uncursed ring of fire resistance K - an uncursed ring of cold resistance Wands t - an uncursed wand of striking named empty (0:0) M - an uncursed wand of sleep (0:3) Tools e - an uncursed stethoscope f - an uncursed tin whistle k - an uncursed skeleton key l - an uncursed can of grease (0:10) m - an uncursed expensive camera (0:50) o - an uncursed +0 pick-axe named !c Gems/Stones i - an uncursed worthless piece of white glass Torpedojuice the Healer's attributes: Background: You were an Embalmer, a level 6 male human Healer. You were neutral, nominally on a mission for Hermes who was opposed by Athena (lawful) and Poseidon (chaotic). You were in the Gnomish Mines, on level 7. You entered the dungeon 4302 turns ago. There was a full moon in effect when your adventure ended. You had 608 experience points, 32 more were needed to attain level 7. Basics: You had 0 out of 49 hit points. You had 40 out of 50 energy points (spell power). Your armor class was 1. Your wallet contained 77 zorkmids. Autopickup was on for '$!?/"=' plus thrown, with exceptions. Final Characteristics: Your strength was 11 (limit:18/100). Your dexterity was 9 (limit:18). Your constitution was 16 (limit:18). Your intelligence was 14 (limit:18). Your wisdom was 15 (limit:18). Your charisma was 16 (limit:18). Final Status: You were not hungry. You were unencumbered. You were wielding a knife. You were skilled in knife. Final Attributes: You were piously aligned. You were poison resistant. You were telepathic. You were stealthy. You were warded. You were lucky. You are dead. Miscellaneous: You encountered 1 bones level. Total elapsed playing time was 31 minutes and 21 seconds. Major events: Turn 1: torpedojuice the neutral male human Healer entered the dungeon 964: entered the Gnomish Mines 1331: attained the rank of Empiric (level 3) 3178: attained the rank of Embalmer (level 6) 4110: reached Mine Town 4302: killed by a soldier ant Vanquished creatures: a giant beetle 3 leprechauns a dog 2 orc shamans a rock piercer a pony a fog cloud a yellow light a shrieker 6 gnome leaders a kobold mummy a gray ooze 2 elf zombies a straw golem a little dog a floating eye 2 kittens 6 dwarves a rabid rat 2 giant bats a wererat 2 iguanas 4 killer bees 3 coyotes 2 hobbits a large kobold a hobgoblin a giant rat a brown mold 2 yellow molds a green mold 24 gnomes 2 garter snakes 2 geckos 6 jackals a fox a kobold a goblin 3 sewer rats 8 grid bugs 3 lichens a kobold zombie 6 newts 113 creatures vanquished. No species were genocided or became extinct. Voluntary challenges: You were an atheist. You were illiterate. You never engraved Elbereth. You never genocided any monsters. You never polymorphed an object. You never changed form. You used no wishes. Achievements: You entered the Gnomish Mines. You attained the rank of Empiric. You attained the rank of Embalmer. You entered Minetown. The Dungeons of Doom: levels 1 to 4 Level 1: "vault" Some fountains. Level 2: Level 3: A grave. Stairs down to The Gnomish Mines. Level 4: The Gnomish Mines: levels 4 to 7 Level 4: Level 5: "sell stash 0 >, lep stole gold" Level 6: "cold jelly >" Level 7: <- You were here. A grave. Final resting place for you, killed by a soldier ant, osirisrex-Tou-Hum-Mal-Neu, killed by a soldier ant, laycre-Rog-Hum-Fem-Cha, killed by a dwarvish spear. Game over: ---------- / \ / REST \ / IN \ / PEACE \ / \ | torpedojuice | | 77 Au | | killed by a | | soldier ant | | | | | | 2023 | *| * * * | * _________)/\\_//(\/(/\)/\//\/|_)_______ Goodbye torpedojuice the Healer... You died in The Gnomish Mines on dungeon level 7 with 2732 points, and 77 pieces of gold, after 4302 moves. You were level 6 with a maximum of 49 hit points when you died.